 Dungeon Crawl Stone Soup version 0.29-a0-459-g97dee8cd24 (webtiles) character file.

Game seed: 9154552378564351164

886 hquester the Skirmisher (level 7, -14/71 HPs)
             Began as a Troll Berserker on May 21, 2022.
             Was a Priest of Trog.
             Demolished by an orc warrior
             ... wielding a +0 scimitar
              (16 damage)
             ... on level 5 of the Dungeon.
             The game lasted 00:15:51 (3482 turns).

hquester the Skirmisher (Troll Berserker)           Turns: 3482, Time: 00:15:51

Health: -14/71     AC:  5    Str: 32    XL:     7   Next: 77%
Magic:  6/6        EV: 10    Int:  3    God:    Trog [***...]
Gold:   187        SH:  0    Dex: 11    Spells: 6/6 levels left

rFire   . . .      SeeInvis .   c - +2 mace (vorpal)
rCold   . . .      Faith    .   (no shield)
rNeg    . . .      Spirit   .   a - +0 animal skin
rPois   .          Reflect  .   (helmet restricted)
rElec   .          Harm     .   h - +0 cloak
rCorr   .          Rampage  .   (gloves unavailable)
Will    .....                   (boots unavailable)
Stlth   +.........              (no amulet)
HPRegen 1.01/turn               b - +6 ring of strength
MPRegen 0.10/turn               (no ring)

@: studying Bows
A: large, unfitting armour, claws 3, regeneration 1, shaggy fur 1, tough skin 1
a: Renounce Religion, Berserk, Trog's Hand


You were on level 5 of the Dungeon.
You worshipped Trog.
Trog was most pleased with you.
You visited 2 branches of the dungeon, and saw 6 of its levels.

You collected 187 gold pieces.

Inventory:

Hand Weapons
 c - a +2 vorpal mace (weapon)
Armour
 a - a +0 animal skin (worn)
 h - a +0 cloak (worn)
Jewellery
 b - a +6 ring of strength (left claw)
Scrolls
 f - 3 scrolls of identify
 i - a scroll of noise {unknown}
 j - a scroll of torment {unknown}
Potions
 d - 3 potions of heal wounds {unknown}
 e - a potion of ambrosia
 g - 3 potions of haste


   Skills:
 * Level 4.7 Fighting
 + Level 2.5 Maces & Flails
 + Level 2.3 Throwing
 + Level 2.3 Armour
 + Level 3.9 Dodging
 + Level 4.5 Unarmed Combat


You had 6 spell levels left.
You didn't know any spells.
Your spell library was empty.

Dungeon Overview and Level Annotations

Branches:
Dungeon (5/15)             Temple (1/1) D:4

Altars:
Ashenzari
Dithmenos
Elyvilon
Gozag
Kikubaaqudgha
Makhleb
Okawaru
Qazlal
Ru
Sif Muna
Trog
Uskayaw
Wu Jian
Xom
Yredelemnul
Zin

Shops:
D:2 =

Annotations:
D:5 4 runed translucent doors


Innate Abilities, Weirdness & Mutations

You are too large for most types of armour.
You have claws for hands.
Your natural rate of healing is unusually fast.
You are covered in fur. (AC +1)
You have tough skin. (AC +1)


Message History

Trog accepts your kill. The hound bites you.
You hit the hound.
The hound is moderately wounded.
The hound bites you but does no damage. x2
You miss the hound. Your claw misses the hound.
The hound is moderately wounded.
The hound bites you. x2
You miss the hound.
The hound is moderately wounded.
You hear the brisk hiss of a very distant avalanche of sand.
The hound misses you. The hound bites you but does no damage.
You sock the hound!
You kill the hound!
Trog accepts your kill.
You barely miss the orc warrior. The orc warrior barely misses you.
You hit the orc warrior but do no damage.
The orc warrior hits you with a +0 scimitar!
The orc warrior hits you with a +0 scimitar!!
You hit the orc warrior but do no damage.
Your claw misses the orc warrior.
The orc warrior hits you with a +0 scimitar!!
* * * LOW HITPOINT WARNING * * *
You hit the orc warrior.
The orc warrior is lightly wounded.
The orc warrior hits you with a +0 scimitar!
* * * LOW HITPOINT WARNING * * *
You hit the orc warrior.
You claw the orc warrior, but do no damage.
The orc warrior is moderately wounded.
The orc warrior barely misses you.
You hit the orc warrior.
The orc warrior is severely wounded.
The orc warrior closely misses you.
The orc warrior hits you with a +0 scimitar.
* * * LOW HITPOINT WARNING * * *
You hit the orc warrior.
The orc warrior is almost dead.
The orc warrior hits you with a +0 scimitar!
You die...

......#8....8#..####
####..##8).8##.....##
##.....######.......#
#..###+# #'###...#
..## #)#.##..# ..#
##.#.#..# ..#
###.#..# #.# #.#..#
..# #@#..# ..##
####...o##..#
...######..######...#
##..................#
#...<....####.###.##
##........# #.....#
..........# #.#####
#.........# #.#
#####.#+######.#


You could see an orc warrior.

Vanquished Creatures
  A water moccasin (D:5)
  An ice beast (D:5)
  A kobold brigand (D:5)
  A scorpion (D:4)
  A howler monkey (D:4)
  2 hounds (D:5)
  6 iguanas
  2 orc priests
  Crazy Yiuf (D:2)
  Jessica (D:3)
  5 adders
  7 gnolls
  A worm (D:2)
  2 dart slugs (D:3)
  10 orcs
  6 ball pythons
  5 endoplasms
  A giant cockroach (D:3)
  6 goblins
  5 hobgoblins
  4 jackals (D:4)
  A quokka (D:2)
  3 bats
  15 kobolds
  7 rats
95 creatures vanquished.

Notes
Turn   | Place    | Note
-------+----------+-------------------------------------------
     0 | D:1      | hquester the Troll Berserker began the quest for the Orb.
     0 | D:1      | Reached XP level 1. HP: 22/22 MP: 0/0
   146 | D:1      | You fall into a shaft and drop 1 floor!
   159 | D:2      | Reached XP level 2. HP: 29/29 MP: 1/1
   164 | D:2      | Found a shadowy altar of Dithmenos.
   236 | D:2      | Reached XP level 3. HP: 18/36 MP: 2/2
   287 | D:2      | Found Vulev's Jewellery Shoppe.
   335 | D:2      | Found a runed translucent door.
   336 | D:2      | Noticed Crazy Yiuf
   689 | D:2      | Killed Crazy Yiuf
   690 | D:2      | Reached XP level 4. HP: 45/45 MP: 3/3
   906 | D:3      | Noticed Jessica
   913 | D:3      | Killed Jessica
   966 | D:3      | Reached ** piety under Trog
  1065 | D:3      | Found an ancient bone altar of Kikubaaqudgha.
  1067 | D:3      | Found a shimmering blue altar of Sif Muna.
  1067 | D:3      | Found a white marble altar of Elyvilon.
  1069 | D:3      | Found a shadowy altar of Dithmenos.
  1069 | D:3      | Found a shimmering altar of Xom.
  1069 | D:3      | Found a stormy altar of Qazlal.
  1076 | D:3      | Reached XP level 5. HP: 53/53 MP: 4/4
  1207 | D:3      | Reached skill level 1 in Maces & Flails
  1287 | D:3      | Reached skill level 1 in Armour
  1572 | D:4      | Reached skill level 1 in Throwing
  1626 | D:4      | Reached XP level 6. HP: 9/62 MP: 5/5
  1978 | D:4      | Reached *** piety under Trog
  2178 | D:4      | Found a burning altar of Makhleb.
  2559 | D:4      | Found a staircase to the Ecumenical Temple.
  2916 | Temple   | Entered the Ecumenical Temple
  3191 | D:5      | Entered Level 5 of the Dungeon
  3216 | D:5      | Reached XP level 7. HP: 38/70 MP: 6/6
  3311 | D:5      | Found a large runed translucent door.
  3311 | D:5      | Found a large runed translucent door.
  3421 | D:5      | Noticed a two-headed ogre
  3421 | D:5      | Noticed a two-headed ogre
  3431 | D:5      | Found a large runed translucent door.
  3431 | D:5      | Found a large runed translucent door.
  3479 | D:5      | HP: 1/71 [orc warrior/+0 scimitar (8)]
  3482 | D:5      | Demolished by an orc warrior

Illustrated notes

Levels and vault maps discovered:
D:1:      heliophobic_arrival_enchanted_forest, layout_basic,
          basic_ecumenical_altar, serial_shops, nicolae_shop_hallway_stairs
D:2:      layout_rooms, basic_altar, serial_shops, shop_fountains,
          kennysheep_generic_room_10, uniq_crazy_yiuf_cottage
D:3:      layout_basic, doesnt_xom_only_xom, minmay_quantized, uniq_jessica
D:4:      layout_basic, mainiacjoe_overflow_alcove_4,
          minmay_temple_entry_offerings, minmay_manual_mail
D:5:      nicolae_cairo_tiling_very_big, layout_basic, enter_ossuary_5,
          minmay_hollow_rounded_squares, uniq_menkaure
Temple:   minmay_temple_curvy_branch

Skill      XL: |  1  2  3  4  5  6  7 |
---------------+----------------------+-----
Dodging        | 3 |  3.9
Fighting       | 3 4 |  4.7
Maces & Flails | 1 2 |  2.5
Armour         | 1 2 |  2.3
Throwing       | 1 2 |  2.3
Unarmed Combat | 4 |  4.5

Action                   |  1- 3 |  4- 6 |  7- 9 || total
-------------------------+-------+-------+-------++-------
Melee: Unarmed           |    50 |       |       ||    50
       Mace              |       |   184 |    61 ||   245
       Punch             |       |     4 |     3 ||     7
Invok: Berserk           |     1 |     1 |     1 ||     3
  Use: Scroll            |     3 |     3 |       ||     6
Armor: Animal skin       |    11 |    41 |    23 ||    75
Dodge: Dodged            |    21 |    97 |    33 ||   151

Table legend: (Time is in decaauts)
 A = Elapsed time spent in this place.
 B = Non-inter-level travel time spent in this place.
 C = Inter-level travel time spent in this place.
 D = Time resting spent in this place.
 E = Time spent auto-exploring this place.
 F = Levels seen in this place.
 G = Mean time per level.
                   A        B        C        D        E       F      G
               +--------+--------+--------+--------+--------+-----+--------+
         Total |   3573 |   3353 |    220 |     87 |   2252 |   6 |  595.5 |
       Dungeon |   3320 |   3106 |    214 |     87 |   2005 |   5 |  664.0 |
        Temple |    252 |    247 |      5 |      0 |    247 |   1 |  252.0 |
               +--------+--------+--------+--------+--------+-----+--------+

Top non-repeatable levels by time:
     D:4: 1453 daAuts
     D:3: 806 daAuts
     D:2: 602 daAuts
     D:5: 312 daAuts
  Temple: 252 daAuts
     D:1: 145 daAuts
